Cogmind - Beta 9.3 @@@ ROGUE MODE // 2020.01.07 @ 17:42:12 Player: derk Result: Destroyed by H-55 Commando with Gauss Rifle Performance ------------- Evolutions (2) 1000 Regions Visited (3) 600 Robots Destroyed (45) 225 Value Destroyed (838) 838 Prototype IDs (1) 20 Alien Tech Used (0) 0 Bonus (0) 0 TOTAL SCORE: 2683 Bonus ------- None Cogmind --------- Core Integrity 0/550 Matter 114/300 Energy 144/280 System Corruption 0% Temperature Cool (0) Movement Rolling (120) Ox2 Location -8/Materials Parts ------- > --- POWER (1) -------- Heavy Ion Engine > --- PROPULSION (3) --- Compact Wheel Compact Wheel > --- UTILITY (5) ------ High-capacity Storage Unit High-capacity Storage Unit Improved Propulsion Shielding > --- WEAPON (2) ------- (None) > --- INVENTORY (20) --- Large Storage Unit High-capacity Matter Pod (0) Compact Matter Pod (0) Peak State ------------ > --- POWER ------------ Ion Engine > --- PROPULSION ------- Light Treads Compact Wheel > --- UTILITY ---------- Large Storage Unit High-capacity Storage Unit Improved Sensor Array Improved Sensor Array > --- WEAPON ----------- Particle Gun Pulse Rifle > --- INVENTORY -------- Ion Engine Light Ion Engine Light Treads Compact Wheel Compact Wheel Compact Wheel Heat Sink High-capacity Storage Unit High-capacity Matter Pod Compact Matter Pod Beam Rifle Particle Gun Assault Rifle Grenade Launcher Mini Grenade Launcher [Rating: 16] Favorites ----------- Power Ion Engine Engine Ion Engine Propulsion Compact Wheel Treads Light Treads Wheel Compact Wheel Utility Improved Sensor Array Device Improved Sensor Array Storage Large Storage Unit Processor Visual Processing Unit Protection Improved Propulsion Shielding Weapon Assault Rifle Energy Gun Medium Laser Ballistic Gun Assault Rifle Launcher Rocket Launcher Build | -11 -10 -9 -8 ------- Run | Scr Mat Mat Mat Slots Evolved 4 | . . 2 2 Power . | . . . . Propulsion 1 | . . . 1 Utility 3 | . . 2 1 Weapon . | . . . . Parts Attached 43 | 8 4 13 18 Power 5 | 1 1 . 3 Engine 5 | 1 1 . 3 Core . | . . . . Reactor . | . . . . Propulsion 13 | 3 . 5 5 Treads 5 | 1 . 2 2 Leg . | . . . . Wheel 8 | 2 . 3 3 Hover . | . . . . Flight . | . . . . Utility 13 | 2 3 5 3 Device 3 | . . 2 1 Storage 8 | 2 3 2 1 Processor 1 | . . 1 . Hackware . | . . . . Protection 1 | . . . 1 Artifact . | . . . . Weapon 12 | 2 . 3 7 Energy Gun 5 | 1 . . 4 Energy Cannon . | . . . . Ballistic Gun 3 | 1 . 1 1 Ballistic Cannon . | . . . . Launcher 4 | . . 2 2 Special Weapon . | . . . . Impact Weapon . | . . . . Slashing Weapon . | . . . . Piercing Weapon . | . . . . Special Melee Weapon . | . . . . Unidentified Prototypes 1 | . . . 1 Parts Lost 21 | . . 1 20 Power 3 | . . . 3 Propulsion 6 | . . 1 5 Utility 3 | . . . 3 Weapon 9 | . . . 9 Highest Loss Streak 14 | . . 1 14 Average Slot Usage (%) 91 | . 100 96 76 Engine 10 | . 14 11 7 Treads 6 | . . 11 1 Wheel 15 | . 28 10 18 Device 11 | . . 13 16 Storage 22 | . 28 23 18 Processor 2 | . . 5 . Energy Gun 3 | . 14 1 1 Ballistic Gun 13 | . 14 17 5 Launcher 3 | . . 3 6 Naked Turns . | . . . . Heaviest Build 74 | 15 41 74 74 Greatest Support 48 | 32 32 40 48 Greatest Overweight (x) 3 | . 1 3 2 Average Overweight (x) . | . . 1 1 Largest Inventory Capacity 24 | 8 16 24 20 Average Capacity 16 | 5 10 18 18 Most Carried 18 | 6 12 18 18 Average Carried 12 | 2 8 14 12 Final Capacity 20 | 8 16 18 20 Final Carried 18 | 5 12 18 3 Class Distribution -------------------- 83% | Mutant 16% | Hauler-Mutant Dominant Class ---------------- Mutant | -10/Materials Mutant | -9/Materials Mutant | -8/Materials Resources | -11 -10 -9 -8 ----------- Run | Scr Mat Mat Mat Matter Collected 730 | 283 46 122 279 Remotely . | . . . . Salvage Created 945 | 86 114 344 401 Parts 58 | 2 8 26 22 Haulers Intercepted 4 | . 1 1 2 Recyclers Shooed 1 | . . . 1 Parts Field Recycled . | . . . . Retrieved Matter . | . . . . Parts Self-Destructed . | . . . . Prevented . | . . . . Kills | -11 -10 -9 -8 ------- Run | Scr Mat Mat Mat Combat Hostiles Destroyed 29 | . 3 17 9 Melee 1 | . . . 1 Guns 9 | . 3 4 2 AOE 19 | . . 13 6 Classes Destroyed 10 | 1 3 5 1 Worker 4 | . 1 1 2 Builder 4 | . . 1 3 Hauler 4 | . 1 1 2 Recycler 2 | 1 . . 1 Operator 1 | . . 1 . Watcher 1 | . . 1 . Swarmer 16 | . 3 10 3 Grunt 11 | . . 6 5 Sentry 1 | . . 1 . Hunter 1 | . . . 1 Best Kill Streak 15 | 1 5 15 8 Combat Bots Only 11 | . 3 11 3 Max Kills in Single Turn 4 | 1 1 4 3 Gunslinging . | . . . . Exploded 3 | . . 3 3 Melee 1 | . . . 1 Uniques/NPCs Destroyed . | . . . . Combat | -11 -10 -9 -8 -------- Run | Scr Mat Mat Mat Damage Taken 2442 | . 58 319 2065 Core 661 | . 32 70 559 Absorbed by Shields . | . . . . Core Remaining (%) 89 | 100 87 82 . Volleys Fired 69 | 1 12 34 22 Largest 2 | 2 2 2 2 Hottest 128 | 70 70 53 128 Shots Fired 104 | 2 24 50 28 Gun 77 | 2 24 36 15 Cannon . | . . . . Launcher 27 | . . 14 13 Special . | . . . . Kinetic 51 | 1 12 36 2 Thermal 26 | 1 12 . 13 Explosive 27 | . . 14 13 Electromagnetic . | . . . . Robot Hit Streak 10 | 2 4 10 6 Robot Miss Streak 5 | . 3 5 2 Penetration Max . | . . . . Secondary Targets . | . . . . Shots Hit Robots 54 | 2 11 29 12 Core Hits 79 | 2 6 30 41 Critical Hits 1 | . . 1 . Critical Kills 1 | . . 1 . Critical Parts Destroyed . | . . . . Melee Attacks . | . . . . Impact . | . . . . Slashing . | . . . . Piercing . | . . . . Sneak Attacks . | . . . . Combat Hostiles . | . . . . Follow-up Attacks . | . . . . Damage Inflicted 3225 | 24 167 1676 1358 Guns 653 | 24 167 279 183 Cannons . | . . . . Explosions 2514 | . . 1397 1117 Melee . | . . . . Ramming 58 | . . . 58 Kinetic 354 | 11 41 279 23 Thermal 299 | 13 126 . 160 Explosive 2514 | . . 1397 1117 Electromagnetic . | . . . . Impact . | . . . . Slashing . | . . . . Piercing . | . . . . Highest Corruption 3 | . . 3 . Average Corruption 1 | . . 1 . Corruption Purged . | . . . . Effects 3 | . . 3 . Message Errors 1 | . . 1 . Heat Flow Errors 1 | . . 1 . Targeting Errors 1 | . . 1 . Overload Shots . | . . . . Overflow Damage 155 | . . 88 67 Projectiles . | . . . . Explosions 155 | . . 88 67 Melee . | . . . . Knockbacks . | . . . . Impact . | . . . . Kinetic . | . . . . Secondary . | . . . . Self-Inflicted Damage 157 | . . . 157 Shots 5 | . . . 5 Rammed 11 | . . . 11 Targets Rammed 12 | . . . 12 Kicked . | . . . . Crushed 1 | . . . 1 Highest Temperature 171 | 9 63 171 121 Average Temperature 42 | 6 24 90 59 Received Heat Transfer 816 | . . 42 774 Siege Activations . | . . . . Robots Corrupted . | . . . . Combat Hostiles . | . . . . Parts Fried . | . . . . Impact Corruptions . | . . . . Robots Melted . | . . . . Combat Hostiles . | . . . . Parts Melted 2 | . 2 . . Heat Transferred 777 | 37 370 . 370 Parts Sabotaged . | . . . . Parts Stolen . | . . . . Parts Stripped . | . . . . Power Chain Reactions . | . . . . Missiles Intercepted . | . . . . Alert | -11 -10 -9 -8 ------- Run | Scr Mat Mat Mat Peak Influence 323 | 5 105 323 307 Average Influence 121 | 1 72 149 120 Maximum Alert Level 1 | . . 1 1 Low Security (%) 87 | 100 100 83 85 Level 1 12 | . . 16 14 Level 2 . | . . . . Level 3 . | . . . . Level 4 . | . . . . Level 5 . | . . . . High Security . | . . . . Max Security . | . . . . Squads Dispatched 8 | . 1 2 5 Investigation 1 | . . . 1 Extermination . | . . . . Reinforcement 6 | . 1 2 3 Assault . | . . . . Garrison 1 | . . . 1 Intercept . | . . . . Construction Impeded 1 | . . . 1 Haulers Reinforced . | . . . . Stealth | -11 -10 -9 -8 --------- Run | Scr Mat Mat Mat Distress Signals 1 | . . . 1 Communications Jammed . | . . . . Distress Signals . | . . . . Times Spotted 56 | . 4 26 26 Peak Tracking Total 14 | . 3 5 14 Tactical Retreats 3 | . . 2 1 Traps | -11 -10 -9 -8 ------- Run | Scr Mat Mat Mat Traps Triggered 2 | . . 2 . Indirectly . | . . . . Trap Hack Attempts . | . . . . Triggered . | . . . . Disarmed . | . . . . Reprogrammed . | . . . . Reused . | . . . . Traps Extracted . | . . . . Installed . | . . . . Triggered . | . . . . Machines | -11 -10 -9 -8 ---------- Run | Scr Mat Mat Mat Machines Disabled 5 | . . 3 2 Max in Single Turn 1 | . . 1 1 Machines Sabotaged . | . . . . Garrisons Compromised . | . . . . Overloaded Fab Kills . | . . . . Fab Network Shutdowns . | . . . . Hacking | -11 -10 -9 -8 --------- Run | Scr Mat Mat Mat Machines Accessed 5 | . 1 3 1 Terminals 4 | . 1 2 1 Fabricators . | . . . . Repair Stations . | . . . . Recycling Units 1 | . . 1 . Scanalyzers . | . . . . Garrison Access . | . . . . Total Hacks 21 | . 5 13 3 Successful 14 | . 3 9 2 Failed 7 | . 2 4 1 Catastrophic . | . . . . Database Lockouts . | . . . . Manual 9 | . 2 6 1 Terminals 16 | . 5 8 3 Fabricators . | . . . . Repair Stations . | . . . . Recycling Units 5 | . . 5 . Scanalyzers . | . . . . Garrison Access . | . . . . Terminal Hacks 7 | . 2 4 1 Part Schematic 2 | . . 2 . Alert Level 1 | . . 1 . Unreport Threat 1 | . . 1 . Hauler Manifests 2 | . 1 . 1 Zone Layout 1 | . 1 . . Fabricator Hacks . | . . . . Repair Station Hacks . | . . . . Recycling Unit Hacks 5 | . . 5 . Recycle Component 2 | . . 2 . Process 1 | . . 1 . Report Inventory 1 | . . 1 . Retrieve Components 1 | . . 1 . Scanalyzer . | . . . . Garrison Access Hacks . | . . . . Unauthorized Hacks 6 | . 2 2 2 Terminals 2 | . 1 . 1 Botnet 2 | . 1 . 1 Fabricators . | . . . . Repair Stations . | . . . . Recycling Units . | . . . . Scanalyzers . | . . . . Garrison Access . | . . . . Data Cores Recovered . | . . . . Used . | . . . . Hacking Detections 5 | . 1 3 1 Full Trace Events 3 | . . 2 1 Feedback Events . | . . . . Feedback Blocked . | . . . . Robot Schematics Acquired . | . . . . Robots Built . | . . . . Matter . | . . . . Time . | . . . . Total Robot Build Rating . | . . . . Part Schematics Acquired 2 | . . 2 . Parts Built . | . . . . Matter . | . . . . Time . | . . . . Total Part Build Rating . | . . . . Parts Repaired . | . . . . Time . | . . . . Parts Recycled 2 | . . 2 . Recycled Matter 17 | . . 17 . Retrieved Matter . | . . . . Retrieved Components 9 | . . 9 . Parts Scanalyzed . | . . . . Part Schematics Acquired . | . . . . Parts Damaged . | . . . . Bothacking | -11 -10 -9 -8 ------------ Run | Scr Mat Mat Mat Used RIF Installer . | . . . . Robots Hacked . | . . . . Non-combat . | . . . . Combat . | . . . . Robot Hacks Applied . | . . . . Relay Couplers Released . | . . . . Robots Rewired . | . . . . Allies Hacked . | . . . . Hacks Repelled . | . . . . Allies | -11 -10 -9 -8 -------- Run | Scr Mat Mat Mat Total Allies . | . . . . Largest Group . | . . . . Highest-Rated Group . | . . . . Highest-Rated Ally . | . . . . Total Orders . | . . . . Ally Attacks . | . . . . Total Damage . | . . . . Kills . | . . . . Allies Corrupted . | . . . . Allies Melted . | . . . . Intel | -11 -10 -9 -8 ------- Run | Scr Mat Mat Mat Robot Analysis Total . | . . . . Derelict Logs Recovered . | . . . . Drone Launches . | . . . . Drone Recoveries . | . . . . Exploration | -11 -10 -9 -8 ------------- Run | Scr Mat Mat Mat Turns Passed 1308 | 71 203 668 366 Spaces Moved 786 | 48 149 360 229 Core 1 | 1 . . . Treads 167 | 7 . 146 14 Legs . | . . . . Wheels 618 | 40 149 214 215 Hover . | . . . . Flight . | . . . . Fastest Speed 50 | 50 100 110 110 Average Speed 123 | 107 103 139 115 Slowest Speed 200 | 160 110 180 200 Overloaded Moves . | . . . . Propulsion Burnouts . | . . . . Robots Hopped . | . . . . Cave-ins Triggered . | . . . . Exploration Rate (%) 22 | 4 28 36 20 Regions Visited 3 Branch Regions . Pre-discovered Areas . | . . . . Known Exits Taken . | . . . . Unknown Exits Taken 3 | 1 1 1 . Scrap Searched . | . . . . Spaces Dug 5 | . . . 5 Terrain Destroyed 155 | . . 80 75 Melee . | . . . . Projectile . | . . . . AOE 155 | . . 80 75 Actions | -11 -10 -9 -8 --------- Run | Scr Mat Mat Mat Total 1007 | 62 172 476 297 Wait 61 | . 5 44 12 Move 783 | 47 148 359 229 Hop . | . . . . Pick Up 25 | 5 3 15 2 Fast Attach 13 | 7 . 4 2 Attach 18 | 1 . 2 15 Detach 3 | 1 . 2 . Swap 12 | . 4 7 1 Drop 11 | . . 9 2 Fire 69 | 1 12 34 22 Melee . | . . . . Ram 9 | . . . 9 Kick . | . . . . Crush 3 | . . . 3 Escape Stasis . | . . . . Rewire . | . . . . Trap . | . . . . Miscellaneous . | . . . . Route ------- -11/Scrapyard -10/Materials -9/Materials -8/Materials History --------- Turn | Location | Event 18 | -11/Scrapyard | Discovered new exit (range 16) 72 | -11/Scrapyard | Entered Materials 196 | -10/Materials | Discovered new exit (range 10) 275 | -10/Materials | Entered another Materials area 275 | -9/Materials | Evolved 2 slots: Utility x2 314 | -9/Materials | Build established: Mutant 803 | -9/Materials | Destroyed 11 combat bots 912 | -9/Materials | Discovered new exit (range 15) 943 | -9/Materials | Entered another Materials area 943 | -8/Materials | Evolved 2 slots: Propulsion x1, Utility x1 1207 | -8/Materials | Core integrity fell below 50% 1258 | -8/Materials | Lost 14 parts (1p4n2u7w) 1280 | -8/Materials | Garrison activated, responded to threat 1295 | -8/Materials | Core integrity fell below 20% 1309 | -8/Materials | Destroyed by H-55 Commando with Gauss Rifle Last Messages --------------- 01299_ U-05 Engineer lays Concrete. 01300_ K-01 Serf collects debris. 01300_ U-05 Engineer lays Concrete. 01302_ Com. Wheel destroyed. 01302_ U-05 Engineer lays Concrete. 01303_ K-01 Serf collects debris. 01304_ U-05 Engineer lays Concrete. 01304_ Acquired Prototype Engine. 01304_ Identified Hvy. Ion Engine. 01304_ W-25 Informer sends out distress signal. 01306_ U-05 Engineer lays Concrete. 01306_ Slug penetrates Wall. 01307_ U-05 Engineer lays Concrete. 01307_ K-01 Serf collects debris. 01307_ Acquired 26 matter. 01308_ U-05 Engineer lays Concrete. 01308_ Acquired 41 matter. 01309_ C-30 ARC bursts open, deploying its payload. 01309_ G-50 Soldier unfolds itself. 01309_ G-47 Trooper unfolds itself. Map ----- +----------------------------------------------------+ | ?????????????????????????????????????????????????? | | ?????????????????????????????????????????????????? | | ?????????????????????????????????????????????????? | | ?????????????????????????????????????????????????? | | ?????????????????????????????????????????????????? | | ?????????????????????????????????????????????????? | | ?????????????????????????????????????????????????? | | ?????????????????????????????????????????????????? | | ?????????????????????????????????????????????????? | | ?????????????????????????????????????????????????? | | ?????????????????????????????????????????????????? | | ??????????????????????? ?????????????????????????? | | ????????????????????###+##?????##????????????????? | | ????????????????????r ????? ????????????????? | | ????????????????????? ???? ????????????????? | | ????????????????????? ???? ?????????????????? | | ?????????????????????# #####g###???????????????? | | ?????????????????????# # a ???????????????? | | ?????????????????????# #"" gg""" #?????????????? | | ?????????????????????# #"T """ #?????????????? | | ?????????????????????# #"" """ #?????????????? | | ?????????????????????# # o #?????????????? | | ????????????????????## #! #?????????????? | | ????????????????????# g k!=! #?????????????? | | ????????????????????## [[%=! #?????????????? | | ????????????????????##u [@ !!#######?????????????? | | ????????????????????#! [[ #?????????????? | | ????????????###+##### ! #?????????????? | | ????????????# #?????????????? | | ????????????# * #?????????????? | | ????????????# % """ #?????????????? | | ????????????# " = [ """ #?????????????? | | ????????????# "" Y """ #?????????????? | | ????????????## gh= # #?????????????? | | ?????????????# =gg###########?????????????? | | ?????????????# #???????????????????????? | | ?????????????+ !#???????????????????????? | | ?????????????# #??#????????????????????? | | ?????????????# ## ???????????????????? | | ?????????????# "" # ????????????????????? | | ?????????????# ! G" # ????????????????????? | | ?????????????# !! "" + """??????????????????? | | ############## # """ "????????????????? | | # """ ""???????????????? | | ### # ## """ ""???????????????? | | """ ######### # # ?????????????????? | | """ # """ # # ## #????????????????????? | | """ # "T" # #????????????????????? | | # # ##????????????????????? | | + # # ##????????????????????? | +----------------------------------------------------+ Best States ------------- Heat Dissipation 41 Energy Generation 10 Energy Capacity 250 Matter Stores 300 Matter Capacity 300 Sight Range 18 Robot Scan Range 26 Terrain Scan Density 10 Propulsion Shielding 66 Evasion (%) 40 Recoil Reduction 2 Item Schematics ----------------- Med. Armor Plating | -9/Materials | Hacked Imp. Treads | -9/Materials | Hacked Robot Schematics ------------------ None Fabricated ------------ Nothing Alien Tech Used ----------------- None Achievements -------------- None Challenges ------------ None Game ------ Seed TargetingGravityCarapace Manual? 0 Play Time 00:23:10 Cumulative 17.6 hours Start 2020.01.07 @ 17:20:13 End 2020.01.07 @ 17:42:12 Sessions 1 Manual Loads 0 Difficulty Rogue Special Mode None Game No. 9 Rogue 9 Adventurer 0 Explorer 0 Win Type - Total 0 Types 0/0/0/0/0/0/0 Lore% 16 Gallery% 27 Achievement% 24 Wizard Run 0 Options --------- ASCII 0 Keyboard 0 Movement Numpad Keybinds 0 Fullscreen 1 Font 18/SmallcapsGlow Map View 76x50 Tactical HUD 1 Map Filters NONE Filters NONE Steam 1 RUN: c3ec6f63-2300-48ed-bd7e-303554da8b28